 Dungeon Crawl Stone Soup version 0.17-a0-1435-geafbe2f (webtiles) character file.

1815 Lektor the Cleaver (level 9, -2/106 HPs)
             Began as a Hill Orc Berserker on June 26, 2015.
             Was an Elder of Trog.
             Slain by beatless's ghost (23 damage)
             ... on level 7 of the Dungeon.
             The game lasted 00:28:12 (6643 turns).

Lektor the Cleaver (Hill Orc Berserker)             Turns: 6643, Time: 00:28:12

Health: -2/106     AC: 14    Str: 27    XL:     9   Next: 10%
Magic:  9/9        EV:  7    Int:  8    God:    Trog [****..]
Gold:   141        SH:  0    Dex: 12    Spells: 0 memorised, 8 levels left

rFire  . . .     SeeInvis +     L - +2 hand axe (drain)
rCold  . . .     Clarity  .     G - +0 plate armour
rNeg   . . .     SustAt   .     (no shield)
rPois  .         Gourm    .     (no helmet)
rElec  .         Spirit   .     q - +2 cloak
rCorr  .         Warding  .     (no gloves)
rMut   .         Stasis   .     (no boots)
MR     .....                    (no amulet)
Stlth  ..........               T - ring of see invisible
                                j - +2 ring of strength

@: berserking, very quick, not resistant to hostile enchantments, extremely
unstealthy
A: no striking features
a: Burn Spellbooks, Berserk, Trog's Hand, Brothers in Arms, Renounce Religion


You were on level 7 of the Dungeon.
You worshipped Trog.
Trog was greatly pleased with you.
You were hungry.

You visited 2 branches of the dungeon, and saw 8 of its levels.
You also visited: Sewer.

You collected 255 gold pieces.
You spent 114 gold pieces at shops.

Inventory:

Hand weapons
 b - a +0 shortbow
 v - a +0 hunting sling
 A - a +0 blowgun
 E - a +2 vampiric trident
 L - a +2 hand axe of draining (weapon)
Missiles
 d - 102 stones (quivered)
 f - 6 arrows of flame
 l - 5 poisoned tomahawks
 o - 87 arrows
 p - 8 needles of frenzy
 r - 27 sling bullets
 u - 15 steel sling bullets
 x - 20 poisoned sling bullets
 y - 8 poisoned arrows
 z - 6 bolts
 B - 58 poisoned needles
 Q - 3 needles of sleeping
Armour
 q - a +2 cloak (worn)
 G - a +0 plate armour (worn)
Jewellery
 j - a +2 ring of strength (left hand)
 T - a ring of see invisible (right hand)
Magical devices
 C - a wand of flame (37)
 H - a wand of slowing (22)
Scrolls
 m - a scroll of immolation
 n - 3 scrolls of remove curse
 s - 2 scrolls of teleportation
 P - a scroll of summoning
 S - a scroll of fear
Potions
 g - a potion of brilliance
 t - 2 potions of flight
 w - a potion of magic
 I - 2 potions of heal wounds
 J - 2 potions of agility
 M - 2 potions of curing
 O - a potion of poison
Books
 e - a book of Flames

   Spells                             Type                      Level
   a - Flame Tongue                   Conjuration/Fire             1
   b - Throw Flame                    Conjuration/Fire             2
   c - Conjure Flame                  Conjuration/Fire             3
   d - Inner Flame                    Hexes/Fire                   3
   e - Sticky Flame                   Conjuration/Fire             4
   f - Fireball                       Conjuration/Fire             5
   Trog disapproves of the use of such an item.
 N - a book of Necromancy

   Spells                             Type                      Level
   a - Pain                           Necromancy                   1
   b - Animate Skeleton               Necromancy                   1
   c - Vampiric Draining              Necromancy                   3
   d - Regeneration                   Charms/Necromancy            3
   e - Animate Dead                   Necromancy                   4
   f - Control Undead                 Necromancy                   4
   Trog disapproves of the use of such an item.
Comestibles
 a - 5 chunks of flesh
 c - 5 bread rations
 i - 2 meat rations
 K - a beef jerky


   Skills:
 - Level 4.0 Fighting
 + Level 14.4 Axes
 - Level 2.2 Armour
 - Level 1.7 Dodging


You had 8 spell levels left.
You didn't know any spells.

Dungeon Overview and Level Annotations

Branches:
Dungeon (7/15)             Temple (1/1) D:4

Altars:
Ashenzari
Cheibriados
Dithmenos
Elyvilon
Fedhas
Gozag
Kikubaaqudgha
Makhleb
Nemelex Xobeh
Okawaru
Qazlal
Ru
Sif Muna
Trog
Vehumet
Xom
The Shining One

Shops:
D:6 ?

Annotations:
D:7 beatless's ghost, experienced TrMo


Message History

* * * LOW HITPOINT WARNING * * *
You slash beatless's ghost!
Beatless's ghost is moderately damaged.
You completely miss beatless's ghost.
Beatless's ghost is moderately damaged.
Beatless's ghost hits you!
* * * LOW HITPOINT WARNING * * *
You slash beatless's ghost!
Beatless's ghost is moderately damaged.
You closely miss beatless's ghost.
Beatless's ghost is moderately damaged.
You closely miss beatless's ghost.
Beatless's ghost is moderately damaged.
Beatless's ghost barely misses you.
You slash beatless's ghost!
Beatless's ghost is heavily damaged.
You slash beatless's ghost!
Beatless's ghost is severely damaged.
Beatless's ghost hits you!!
You die...

#.# # #####.##.# #(#
...<..<..#######.#
######...........####
###.####........ ...
...(...# ##### .###
#..##.# ##...##
.###.#.W##.####.....#
...(...@)...........##.#
[##....................#
.........#.#####...###.#
...........######.##....
.........#..............
.##.##...#....##..<.....
#. #.#####..##...#.#.. #
#. ....######.# ? ##
#.#..# #


You could see beatless's ghost.

Vanquished Creatures
  Pikel (D:4)
  A hungry ghost (D:7)
  3 scorpions
  A centaur (D:7)
  2 ogres
  A big kobold (Sewer)
  A giant frog (D:6)
  A crimson imp (D:6)
  A giant frog zombie (D:6)
  A jelly (D:6)
  A giant frog skeleton (D:4)
  A centaur skeleton (D:4)
  3 hounds
  4 worker ants
  2 iguanas
  A hound skeleton (D:6)
  7 adders
  4 gnolls
  A river rat (Sewer)
  2 shadow imps (D:6)
  2 worms
  4 giant geckos
  12 orcs
  13 bats
  A bat skeleton (D:6)
  A bat zombie (D:6)
  14 goblins
  9 hobgoblins
  11 jackals
  3 quokkas
  3 ball pythons
  8 giant cockroaches
  A giant gecko zombie (D:6)
  9 giant newts
  14 kobolds
  21 rats
165 creatures vanquished.

Vanquished Creatures (others)
  A slave (D:4)
  A hound (D:4)
  An orc wizard (D:4)
  An adder skeleton (D:4)
  6 orcs (D:4)
  A hobgoblin (D:4)
  A kobold (D:4)
  A quokka (D:4)
  A plant (D:5)
14 creatures vanquished.

Grand Total: 179 creatures vanquished

Notes
Turn   | Place    | Note
--------------------------------------------------------------
     0 | D:1      | Lektor the Hill Orc Berserker began the quest for the Orb.
     0 | D:1      | Reached XP level 1. HP: 19/19 MP: 1/1
   377 | D:1      | Reached XP level 2. HP: 6/27 MP: 2/2
   976 | D:1      | Reached XP level 3. HP: 33/33 MP: 3/3
  1107 | D:1      | Reached skill level 5 in Axes
  1385 | D:1      | Acquired Trog's second power
  1801 | D:2      | Reached XP level 4. HP: 24/40 MP: 4/4
  2020 | D:2      | Reached skill level 6 in Axes
  2659 | D:3      | HP: 1/40 [orc/trident (7)]
  3164 | D:3      | Found a radiant altar of Vehumet.
  3184 | D:3      | Reached XP level 5. HP: 33/46 MP: 5/5
  3420 | D:3      | Reached skill level 7 in Axes
  3621 | D:4      | Reached skill level 8 in Axes
  3645 | D:4      | Reached XP level 6. HP: 52/52 MP: 6/6
  3696 | D:4      | Found a staircase to the Ecumenical Temple.
  3709 | Temple   | Entered the Ecumenical Temple
  3928 | D:4      | Noticed a slave
  3929 | D:4      | Noticed Pikel
  3929 | D:4      | Noticed a slave
  3930 | D:4      | Noticed a slave
  3930 | D:4      | Noticed a slave
  3951 | D:4      | Killed Pikel
  3951 | D:4      | Reached skill level 11 in Axes
  3951 | D:4      | Reached XP level 7. HP: 53/59 MP: 7/7
  3956 | D:4      | Killed a freed slave
  3978 | D:4      | Reached XP level 8. HP: 50/66 MP: 8/8
  4214 | D:5      | Entered Level 5 of the Dungeon
  4220 | D:5      | Reached skill level 12 in Axes
  4514 | D:5      | Found a glowing drain.
  4534 | Sewer    | Entered a sewer
  4591 | Sewer    | Acquired Trog's third power
  4634 | Sewer    | Found a white marble altar of Elyvilon.
  4812 | D:5      | Found a glowing golden altar of the Shining One.
  5277 | D:5      | Found an iron altar of Okawaru.
  5366 | D:5      | Reached skill level 13 in Axes
  5531 | D:6      | Found Vani Pon's Magic Scroll Boutique.
  5544 | D:6      | Bought a scroll of summoning for 114 gold pieces
  5866 | D:6      | Found a shadowy altar of Dithmenos.
  5866 | D:6      | Found a deep blue altar of Sif Muna.
  5867 | D:6      | Found a shattered altar of Ashenzari.
  5869 | D:6      | Found a blossoming altar of Fedhas.
  5869 | D:6      | Found a bloodstained altar of Trog.
  5870 | D:6      | Found a stormy altar of Qazlal.
  6006 | D:6      | Found a radiant altar of Vehumet.
  6561 | D:7      | Reached skill level 14 in Axes
  6561 | D:7      | Reached XP level 9. HP: 55/71 MP: 9/9
  6627 | D:7      | Noticed beatless's ghost (experienced TrMo)
  6643 | D:7      | Slain by beatless's ghost

Vault maps used:
D:1:      dpeg_arrival_ratfight
D:2:      first_bread
D:3:      vehumet_altar_wand_db
D:4:      minmay_temple_entry_nine_rooms, uniq_pikel
D:5:      lemuel_round_altar, kennysheep_little_box, portal_sewer_entry_f,
          minmay_misc_feat_diagonals, serial_bayou_pond_c
D:6:      grunt_temple_overflow_open, serial_shops, shop, basic_altar
D:7:      old_standard_altar, zin_angel, uniq_joseph
Temple:   minmay_temple_bridge_a_8
Sewer:    sewer_kobolds

Action                   |  1- 3 |  4- 6 |  7- 9 || total
-------------------------+-------+-------+-------++-------
Melee: Hand axe          |   158 |   116 |   224 ||   498
       Trident           |       |    85 |    21 ||   106
 Fire: Shortbow          |       |       |     8 ||     8
Throw: Stone             |       |       |     7 ||     7
Invok: Berserk           |       |       |     1 ||     1
Evoke: Wand              |       |     1 |     2 ||     3
  Use: Scroll            |     1 |       |    12 ||    13
       Potion            |       |     2 |     1 ||     3
 Stab: Sleeping          |     1 |       |       ||     1
  Eat: Chunk             |     3 |     5 |     9 ||    17
       Fruit             |       |     2 |       ||     2
       Meat ration       |       |     1 |       ||     1
